 Dungeon Crawl Stone Soup version 0.16.1 (webtiles) character file.

93 Fiveotanaka the Cudgeler (level 4, 0/37 HPs)
             Began as a Minotaur Assassin on Mar 24, 2015.
             Succumbed to an orc wizard's poison
             ... on level 3 of the Dungeon.
             The game lasted 00:03:03 (2213 turns).

Fiveotanaka the Cudgeler (Minotaur Assassin)        Turns: 2213, Time: 00:03:04

Health: 0/37       AC:  3    Str: 15    XL:     4   Next: 37%
Magic:  2/2        EV: 12    Int:  8    God:
Gold:   64         SH:  0    Dex: 13    Spells: 0 memorised, 3 levels left

rFire  . . .     SeeInvis .     k - +0 mace
rCold  . . .     Clarity  .     c - +0 robe
rNeg   . . .     SustAb   .     (no shield)
rPois  .         Gourm    +     (helmet restricted)
rElec  .         Spirit   .     d - +0 cloak
rCorr  .         Warding  .     (no gloves)
rMut   .         Stasis   .     (no boots)
MR     .....                    p - amulet of the gourmand
Stlth  ++........               (no ring)
                                (no ring)

@: lethally poisoned (0 -> -46), not resistant to hostile enchantments,
unstealthy
A: retaliatory headbutt, horns 2
a: no special abilities


You were on level 3 of the Dungeon.
You were not hungry.

You visited 1 branch of the dungeon, and saw 3 of its levels.

You collected 64 gold pieces.

Inventory:

Hand weapons
 a - a +2 dagger
 b - a +0 blowgun
 h - a +0 club
 k - a +0 mace (weapon)
Missiles
 e - 8 poisoned needles
 f - 2 curare-tipped needles
Armour
 c - a +0 robe (worn)
 d - a +0 cloak (worn)
Jewellery
 p - an amulet of the gourmand (around neck)
Scrolls
 j - a scroll of remove curse {unknown}
 l - a scroll of teleportation {unknown}
 o - a scroll of enchant weapon {unknown}
Potions
 i - a potion of flight {unknown}
 m - a potion of curing {unknown}
 q - a potion of restore abilities {unknown}
Comestibles
 g - a bread ration
 n - a beef jerky


   Skills:
 - Level 2.4 Fighting
 - Level 2.1 Short Blades
 + Level 4.4 Maces & Flails
 - Level 2.0 Throwing
 - Level 2.0 Dodging
 - Level 3.2 Stealth


You had 3 spell levels left.
You didn't know any spells.

Dungeon Overview and Level Annotations

Branches:
Dungeon (3/15)

Altars:


Innate Abilities, Weirdness & Mutations

You reflexively headbutt those who attack you in melee.
You have a pair of horns on your head.


Message History

You barely miss the orc wizard.
You headbutt the orc wizard, but do no damage.
The orc wizard is severely wounded.
* * * LOW HITPOINT WARNING * * *
You feel very sick.
The orc wizard hits you with a dagger of venom.
* * * LOW HITPOINT WARNING * * *
You are more poisoned.
Something hits you.
* * * LOW HITPOINT WARNING * * *
The orc misses you.
The orc wizard hits you with a dagger of venom.
* * * LOW HITPOINT WARNING * * *
You are more poisoned.
Something hits you.
* * * LOW HITPOINT WARNING * * *
An orc comes into view. It is wielding a trident of protection.
You closely miss the orc wizard.
The orc wizard is severely wounded.
You die...

#.. #.########## #.#..
...#<# # #.#.#
#.#'#+###### ... #.#.#
#........... .... #.#.#
#........... .....##.#.#
#...........
...........####@o.).......
........o....##)o.........
..........o..'oo........#
............###........#
............# #........#
............# #........
...........+ ....[...
##..$.....# ##+#+##
#........#


You could see an orc wizard and 3 orcs.

Vanquished Creatures
  An adder (D:2)
  A worm (D:2)
  3 giant mites (D:2)
  2 giant geckos
  6 bats
  3 giant cockroaches
  8 goblins
  9 hobgoblins
  2 jackals (D:1)
  A quokka (D:2)
  2 ball pythons
  3 giant newts (D:1)
  6 kobolds
  9 rats
56 creatures vanquished.

Notes
Turn   | Place    | Note
--------------------------------------------------------------
     0 | D:1      | Fiveotanaka, the Minotaur Assassin, began the quest for the Orb.
     0 | D:1      | Reached XP level 1. HP: 18/18 MP: 1/1
   155 | D:1      | Reached skill level 1 in Maces & Flails
   155 | D:1      | Reached XP level 2. HP: 12/25 MP: 1/1
   837 | D:1      | Reached XP level 3. HP: 25/30 MP: 2/2
  1462 | D:2      | Reached skill level 4 in Maces & Flails
  1462 | D:2      | Reached XP level 4. HP: 11/37 MP: 2/2
  2213 | D:3      | Succumbed to an orc wizard's poison

Action                   |  1- 3 |  4- 6 || total
-------------------------+-------+-------++-------
Melee: Club              |    32 |       ||    32
       Dagger            |     9 |       ||     9
       Mace              |    56 |    41 ||    97
 Stab: Sleeping          |     2 |     1 ||     3
  Eat: Chunk             |     4 |     6 ||    10
